cohdb
Replays
Latest Replays
All Replays
Popular Replays
Top Player Replays
Match Explorer
How It Works
Community
CoH3 Stats
Reddit
Sign in to upload your games and track your stats! →
Sign in with Steam
Match 45616070
Unlisted
Match 45616070
Overview
Messages
Build Orders
End
Selects Australian Defense Battlegroup
Selects Australian Light Infantry Section
Australian Light Infantry Section
Royal Engineer Section
Australian Light Infantry Section
Construct Section Command Post
Infantry Section
Selects 2-pounder Anti-tank Gun Team
Construct Field Infirmary
Construct Platoon Command Post
Humber Armored Car
2-pounder Anti-tank Gun Team
Infantry Training
Skeng.Tecnica.International
Ang1eton
0
0
Comments
sign in to comment!
No comments posted yet!